[Event "Titled Tuesday Blitz August 22 Early 2023"]
[White "Petrova, Irina"]
[Black "Ocido, Michael"]
[WhiteFideId "14124122"]
[BlackFideId "115201920"]
[WhiteElo "2350"]
[BlackElo "2472"]
[Result "1-0"]
[Round "6"]
[TimeControl "180+1"]
[Date "2023.08.22"]
[WhiteClock "0:01:15"]
[BlackClock "0:00:00"]
[Board "179"]

1. e4 c5 2. Nf3 d6 3. Bb5+ Nd7 4. O-O Nf6 5. Re1 e6 6. c3 a6 7. Bf1 Be7 8. d4 cxd4 9. cxd4 O-O 10. a4 b6 11. Nc3 Bb7 12. Bd3 Rc8 13. Qe2 Ra8 14. h3 Qc7 15. Be3 d5 16. e5 Ne4 17. Rac1 Qd8 18. Qc2 f5 19. exf6 Ndxf6 20. Ne5 Rc8 21. Qe2 Bb4 22. Bxa6 Bxa6 23. Qxa6 Bxc3 24. bxc3 Nxc3 25. Kh2 Qd6 26. g3 Nd7 27. Bf4 g5 28. Nxd7 Qxd7 29. Be5 Rxf2+ 30. Kg1 Rcf8 31. Rxc3 Qf7 32. Rce3 Qf5 33. g4 Qc2 34. R3e2 1-0


[Site "https://www.chess.com"]

[Event "Titled Tuesday Blitz August 22 Early 2023"]
[White "Lopez Del Alamo, Antonio"]
[Black "Mmukka"]
[WhiteFideId "2227339"]
[WhiteElo "2332"]
[BlackElo "2459"]
[Result "0-1"]
[Round "6"]
[TimeControl "180+1"]
[Date "2023.08.22"]
[WhiteClock "0:00:02"]
[BlackClock "0:00:11"]
[Board "180"]

1. e4 c5 2. Nf3 e6 3. d3 d5 4. Nbd2 Nc6 5. g3 Nf6 6. Bg2 Qc7 7. O-O Be7 8. Re1 O-O 9. e5 Nd7 10. Qe2 b5 11. a4 bxa4 12. Rxa4 Bb7 13. c3 a5 14. Nf1 Nb6 15. Rg4 Kh8 16. h4 Nd7 17. h5 f5 18. exf6 Nxf6 19. N1h2 Nxg4 20. Nxg4 Rae8 21. h6 Bf6 22. hxg7+ Bxg7 23. Ng5 e5 24. Bxd5 Nd4 25. Qe4 Nf5 26. Bxb7 h6 27. Nh3 Nd6 28. Qg6 Nxb7 29. Bxh6 Qf7 30. Qe4 Nd6 31. Qg2 Bxh6 32. Nxh6 Qg6 33. Qd5 Qxh6 34. Kg2 Qf6 35. Rh1 Kg7 36. f3 Nf5 37. Qe4 Qg6 38. g4 Nh4+ 39. Kg3 Qxe4 40. fxe4 Ng6 41. Ng5 Rh8 42. Rf1 Nf4 43. Ra1 Kg6 44. Nf3 Rh3+ 45. Kf2 Nxd3+ 46. Ke3 Rf8 47. Rxa5 Rhxf3+ 48. Ke2 Nf4+ 0-1


[Site "https://www.chess.com"]

[Event "Titled Tuesday Blitz August 22 Early 2023"]
[White "Hrescak, Ivana"]
[Black "Szyszylo, Rafal"]
[WhiteFideId "14613441"]
[BlackFideId "1109626"]
[WhiteElo "2286"]
[BlackElo "2445"]
[Result "0-1"]
[Round "6"]
[TimeControl "180+1"]
[Date "2023.08.22"]
[WhiteClock "0:01:53"]
[BlackClock "0:02:09"]
[Board "181"]

1. e4 d6 2. d4 Nf6 3. Nc3 g6 4. Be3 c6 5. Qd2 b5 6. f3 Nbd7 7. O-O-O Nb6 8. Kb1 b4 9. Nce2 Nc4 10. Qc1 Nxe3 11. Qxe3 Bg7 12. h4 h5 13. Nh3 Bxh3 14. Rxh3 a5 15. Nf4 Qb6 16. Bc4 e5 17. dxe5 Qxe3 0-1


[Site "https://www.chess.com"]

[Event "Titled Tuesday Blitz August 22 Early 2023"]
[White "Zampronha, Wladimir Camilo"]
[Black "Bueno, Alfeu Junior Varela"]
[WhiteFideId "2103087"]
[BlackFideId "2108879"]
[WhiteElo "2275"]
[BlackElo "2419"]
[Result "0-1"]
[Round "6"]
[TimeControl "180+1"]
[Date "2023.08.22"]
[WhiteClock "0:01:15"]
[BlackClock "0:00:22"]
[Board "182"]

1. e4 e6 2. d4 d5 3. Nc3 Nf6 4. e5 Nfd7 5. f4 c5 6. Nf3 Nc6 7. Be3 cxd4 8. Nxd4 Bc5 9. Qd2 O-O 10. O-O-O a6 11. h4 Nxd4 12. Bxd4 b5 13. Rh3 b4 14. Na4 Bxd4 15. Qxd4 Qa5 16. b3 Bb7 17. g4 Bc6 18. f5 Bxa4 19. bxa4 Qxa4 20. Bd3 Qxa2 21. g5 b3 22. Qb2 Qxb2+ 23. Kxb2 bxc2 24. Bxc2 Nxe5 25. fxe6 fxe6 26. Re1 Rab8+ 27. Ka1 Nc4 28. Rxe6 Rf1+ 0-1


[Site "https://www.chess.com"]

[Event "Titled Tuesday Blitz August 22 Early 2023"]
[White "Slavin, Alexey"]
[Black "SergioMoralesG"]
[WhiteFideId "24104388"]
[WhiteElo "2262"]
[BlackElo "2416"]
[Result "0-1"]
[Round "6"]
[TimeControl "180+1"]
[Date "2023.08.22"]
[WhiteClock "0:00:37"]
[BlackClock "0:00:15"]
[Board "183"]

1. e4 c5 2. g3 Nc6 3. Bg2 g6 4. Ne2 Bg7 5. O-O e5 6. Nbc3 Nge7 7. a3 O-O 8. Rb1 a5 9. d3 d6 10. Nb5 Nd4 11. Nexd4 cxd4 12. c4 dxc3 13. bxc3 f5 14. f4 Kh8 15. a4 d5 16. Ba3 d4 17. cxd4 exd4 18. e5 Be6 19. Bxb7 Nd5 20. Bxf8 Bxf8 21. Nxd4 Bc5 22. Qf3 Bxd4+ 23. Kh1 Ra7 24. Rfc1 Nc3 25. Rxc3 Bxc3 26. Rb5 Bd4 27. Qc6 Qd7 28. Qc2 Rxb7 29. h4 Rxb5 30. axb5 Bd5+ 31. Kh2 Kg7 32. Qa4 Bb6 33. h5 Bb7 34. Qc4 Qd5 35. Qxd5 Bxd5 36. hxg6 hxg6 37. g4 a4 38. Kg3 a3 39. gxf5 gxf5 40. Kh4 a2 41. Kg5 Be6 42. d4 a1=Q 43. d5 Qg1+ 44. Kh5 Qg4# 0-1


[Site "https://www.chess.com"]

[Event "Titled Tuesday Blitz August 22 Early 2023"]
[White "Harriott, Tyrell"]
[Black "Fernandez Hernandez, Gerardo"]
[WhiteFideId "2086484"]
[BlackFideId "2207400"]
[WhiteElo "2416"]
[BlackElo "2255"]
[Result "1-0"]
[Round "6"]
[TimeControl "180+1"]
[Date "2023.08.22"]
[WhiteClock "0:00:49"]
[BlackClock "0:00:00"]
[Board "184"]

1. d4 Nf6 2. e3 g6 3. Bd3 Bg7 4. f4 d5 5. Nf3 O-O 6. O-O Bf5 7. Bxf5 gxf5 8. Nbd2 e6 9. b3 Kh8 10. Ng5 h6 11. Ngf3 Ng4 12. Qe2 c5 13. Ba3 Nd7 14. h3 Ngf6 15. dxc5 Qa5 16. c6 Qxa3 17. cxd7 Nxd7 18. Nd4 Rac8 19. N2f3 Nf6 20. Qb5 b6 21. Ne5 Qe7 22. c4 dxc4 23. Nxc4 Ne4 24. Rac1 Rfd8 25. Ne5 Rxc1 26. Rxc1 Rd5 27. Qa6 Bxe5 28. fxe5 Kh7 29. Qc8 Qg5 30. Re1 f4 31. Nf3 Qg7 32. exf4 Rd3 33. Qc2 Rxf3 34. Qxe4+ Qg6 35. Qxg6+ fxg6 36. gxf3 1-0


[Site "https://www.chess.com"]

[Event "Titled Tuesday Blitz August 22 Early 2023"]
[White "Clawitter, Craig"]
[Black "Fernandez Garcia, Gumersindo"]
[WhiteFideId "2023105"]
[BlackFideId "24516740"]
[WhiteElo "2221"]
[BlackElo "2407"]
[Result "1-0"]
[Round "6"]
[TimeControl "180+1"]
[Date "2023.08.22"]
[WhiteClock "0:00:19"]
[BlackClock "0:00:31"]
[Board "185"]

1. e4 e5 2. Nf3 Nc6 3. Bb5 f5 4. Nc3 fxe4 5. Nxe4 d5 6. Nxe5 dxe4 7. Nxc6 Qd5 8. c4 Qd6 9. Qh5+ g6 10. Qe5+ Kf7 11. Qxh8 Nf6 12. c5 Qd5 13. Bc4 bxc6 14. Bxd5+ cxd5 15. d3 Bb7 16. Bg5 Bg7 17. Qxa8 Bxa8 18. O-O-O Ng4 19. dxe4 h6 20. Bh4 c6 21. exd5 cxd5 22. Rhe1 g5 23. Bg3 Bc6 24. h3 Nf6 25. Be5 Bf8 26. Bxf6 Kxf6 27. b4 a5 28. a3 axb4 29. axb4 Be7 30. Rd3 Bd8 31. Rf3+ Kg7 32. Re6 Bb5 33. Rd6 g4 34. hxg4 Bg5+ 35. Kc2 Bc4 36. Rf5 Ba2 37. Rdxd5 Kg6 38. Rxg5+ hxg5 39. Rd6+ Kf7 40. c6 Ke7 41. Rd4 Be6 42. c7 Bc8 43. Rd8 Ba6 44. c8=Q Bxc8 45. Rxc8 Kd7 46. Rc3 Kd6 47. b5 Ke5 48. b6 Kf4 49. b7 Kxg4 50. b8=Q Kh4 51. Qg3+ Kh5 52. Rc5 Kh6 53. Qxg5+ Kh7 54. Rc7+ Kh8 55. Qg7# 1-0


[Site "https://www.chess.com"]

[Event "Titled Tuesday Blitz August 22 Early 2023"]
[White "Sava, Christiansen-Danut-Eugen"]
[Black "Delorme, Axel"]
[WhiteFideId "1210114"]
[BlackFideId "632023"]
[WhiteElo "2203"]
[BlackElo "2403"]
[Result "1-0"]
[Round "6"]
[TimeControl "180+1"]
[Date "2023.08.22"]
[WhiteClock "0:00:30"]
[BlackClock "0:00:00"]
[Board "186"]

1. c4 e6 2. e3 d5 3. Nc3 Nf6 4. d4 Be7 5. Bd3 O-O 6. Nge2 b6 7. O-O Bb7 8. Bd2 Nbd7 9. Qc2 c5 10. cxd5 exd5 11. dxc5 bxc5 12. Nf4 Nb6 13. Nce2 Rc8 14. Qb1 g6 15. a4 d4 16. exd4 cxd4 17. a5 Nbd5 18. a6 Ba8 19. Ra4 Nxf4 20. Nxf4 Bc5 21. Rc1 Bb6 22. Rac4 Nd5 23. Rxc8 Qxc8 24. Rxc8 Rxc8 25. Be4 Nxf4 26. Bxf4 Bxe4 27. Qxe4 Bc5 28. h4 Bb6 29. h5 1-0


[Site "https://www.chess.com"]

[Event "Titled Tuesday Blitz August 22 Early 2023"]
[White "Tharushi, T H D Niklesha"]
[Black "Nosacheva, Mariya"]
[WhiteFideId "9918264"]
[BlackFideId "34111422"]
[WhiteElo "2184"]
[BlackElo "2401"]
[Result "1-0"]
[Round "6"]
[TimeControl "180+1"]
[Date "2023.08.22"]
[WhiteClock "0:01:00"]
[BlackClock "0:00:02"]
[Board "187"]

1. e4 c5 2. Nf3 d6 3. d4 cxd4 4. Nxd4 Nf6 5. Nc3 a6 6. Bg5 Nbd7 7. f4 Qc7 8. Qf3 h6 9. Bh4 g5 10. fxg5 hxg5 11. Bxg5 Qc5 12. Bxf6 Nxf6 13. O-O-O Bg4 14. Qd3 Bxd1 15. Kxd1 Bh6 16. Nf5 Bf4 17. Be2 O-O 18. h4 e6 19. Nd4 Kg7 20. g4 Rh8 21. h5 Qg5 22. Qf3 Nd7 23. Rf1 e5 24. Nf5+ Kg8 25. Nd5 Nc5 26. Nxd6 Rd8 27. Nf5 Be3 28. Qxe3 Qxe3 29. Nxe3 Nxe4 30. c4 Rh6 31. Nf5 Re6 32. Kc2 b5 33. b3 bxc4 34. Bxc4 Kh8 35. Nc3 Rd2+ 36. Kc1 Rf2 37. Nxe4 Rxf1+ 38. Bxf1 Rc6+ 39. Bc4 a5 40. Kd2 1-0


[Site "https://www.chess.com"]

[Event "Titled Tuesday Blitz August 22 Early 2023"]
[White "Efremov, Vladislav"]
[Black "campochess"]
[WhiteFideId "44159935"]
[WhiteElo "2400"]
[BlackElo "2168"]
[Result "0-1"]
[Round "6"]
[TimeControl "180+1"]
[Date "2023.08.22"]
[WhiteClock "0:00:15"]
[BlackClock "0:00:24"]
[Board "188"]

1. e4 c5 2. Nf3 Nc6 3. Bb5 e5 4. O-O Nf6 5. Bxc6 dxc6 6. Nxe5 h5 7. c3 Be7 8. d4 Nxe4 9. Re1 Nf6 10. Bg5 Kf8 11. dxc5 Qxd1 12. Rxd1 Be6 13. b4 Nd5 14. Bxe7+ Kxe7 15. h3 a5 16. Nd3 Rhd8 17. Re1 Kf6 18. Ne5 axb4 19. cxb4 Nxb4 20. Nc3 Bf5 21. Nf3 Nc2 22. Rab1 Nxe1 23. Rxe1 Rd3 24. Ne4+ Bxe4 25. Rxe4 Rxa2 26. Rb4 Rd1+ 27. Kh2 Rxf2 28. Rxb7 Rc2 29. Kg3 Rd3 30. h4 Rxc5 31. Kf4 Rc4+ 32. Kg3 Rg4+ 33. Kf2 Rf4 34. Ke2 Rd6 35. g3 Rc4 36. Ng5 Kg6 37. Nxf7 Rc2+ 38. Ke3 Re6+ 39. Kd3 Rce2 40. Nh8+ Kh7 41. Nf7 R6e3+ 42. Kd4 Rxg3 43. Ng5+ Kg6 44. Rc7 Rc2 45. Ne4 Rg4 46. Ke5 Re2 47. Rxc6+ Kh7 48. Rc4 Rxh4 49. Kf5 Rhxe4 50. Rxe4 Rxe4 51. Kxe4 0-1


[Site "https://www.chess.com"]

[Event "Titled Tuesday Blitz August 22 Early 2023"]
[White "Semenova, Alina"]
[Black "Cheer_Down"]
[WhiteFideId "24113875"]
[WhiteElo "2069"]
[BlackElo "2395"]
[Result "0-1"]
[Round "6"]
[TimeControl "180+1"]
[Date "2023.08.22"]
[WhiteClock "0:00:56"]
[BlackClock "0:01:09"]
[Board "189"]

1. e4 e6 2. d4 d5 3. exd5 exd5 4. Nf3 Nf6 5. Bd3 c5 6. O-O c4 7. Re1+ Be7 8. Bf1 O-O 9. h3 h6 10. c3 Nc6 11. Bf4 Bf5 12. Nbd2 b5 13. Ne5 Nxe5 14. dxe5 Ne4 15. Nxe4 dxe4 16. Qc1 Qb6 17. Qe3 Bc5 18. Qg3 Qg6 19. Rad1 Rad8 20. Qxg6 Bxg6 21. Be3 Bxe3 22. fxe3 Rd3 23. Bxd3 exd3 24. a4 a6 25. axb5 axb5 26. Ra1 Re8 27. Kf2 Rxe5 28. Rf1 Be4 29. g3 g5 30. Ke1 Bg2 31. Rf2 Bxh3 32. Kd2 Be6 33. Rh1 Kg7 34. b4 cxb3 35. Kxd3 Bf5+ 36. Kd4 Re4+ 37. Kc5 Be6 38. Kxb5 Rxe3 39. Kb4 Rxg3 40. c4 Rg4 41. Rc1 h5 42. Kb5 h4 43. c5 h3 44. c6 Rg2 45. Rxg2 hxg2 46. c7 b2 47. Rg1 f5 48. Kc6 f4 49. Kd6 Bh3 50. Rb1 f3 51. Rxb2 g1=Q 52. Rb7 Bc8 53. Rb8 Qd4+ 54. Kc6 Qd7+ 55. Kb6 Qd6+ 56. Ka7 Qxc7+ 57. Ka8 f2 58. Rb5 Qc6+ 59. Ka7 Qxb5 60. Ka8 Qb7# 0-1


[Site "https://www.chess.com"]

[Event "Titled Tuesday Blitz August 22 Early 2023"]
[White "Veinberg, Nimrod"]
[Black "Carre, Sylvain"]
[WhiteFideId "2810280"]
[BlackFideId "642118"]
[WhiteElo "2695"]
[BlackElo "2318"]
[Result "1/2-1/2"]
[Round "6"]
[TimeControl "180+1"]
[Date "2023.08.22"]
[WhiteClock "0:00:05"]
[BlackClock "0:00:12"]
[Board "190"]

1. e4 e5 2. Nf3 Nf6 3. d4 Nxe4 4. Bd3 d5 5. Nxe5 Nd7 6. Nc3 Nxe5 7. dxe5 Nc5 8. Nxd5 Nxd3+ 9. Qxd3 c6 10. Nf4 Qa5+ 11. c3 Qxe5+ 12. Be3 Bf5 13. Qd4 Qxd4 14. Bxd4 O-O-O 15. O-O-O Bd6 16. g3 Bxf4+ 17. gxf4 f6 18. Bxa7 Rxd1+ 19. Rxd1 Rd8 20. Bd4 Re8 21. Be3 Rd8 22. Rg1 Rd7 23. a4 Kc7 24. a5 Be4 25. b4 Kd6 26. Re1 f5 27. Bd4 g6 28. Kb2 Kd5 29. Kb3 Rf7 30. Be5 Ke6 31. Bd4 Kd7 32. c4 Re7 33. Kc3 Bf3 34. Be5 Be4 35. Rd1+ Kc8 36. b5 Rd7 37. Rc1 c5 38. a6 Rd3+ 39. Kb2 Rd2+ 40. Ka3 Rd3+ 41. Ka4 b6 42. Rc3 Rxc3 43. Bxc3 Kb8 44. Kb3 Ka7 45. Be5 h5 46. Kc3 h4 47. h3 Bg2 48. Bf6 Bxh3 49. Bxh4 Bg2 50. Bf6 Be4 51. Be5 Bb1 52. Kd2 Be4 53. Ke3 Bb1 54. Bd6 Ba2 55. Kd3 Bb1+ 56. Kc3 Ba2 57. Be7 Bb1 58. Bd6 Be4 59. Kb2 Bg2 60. Kc3 Bf1 61. Be5 Be2 62. Bf6 Bf1 63. Be7 Kb8 64. Bd6+ Ka7 65. Bc7 Bg2 66. Kd3 Be4+ 67. Kc3 Bf3 68. Kb3 Be2 69. Bd8 Bf1 70. Be7 Be2 71. Bd6 Bf1 1/2-1/2


[Site "https://www.chess.com"]

[Event "Titled Tuesday Blitz August 22 Early 2023"]
[White "Kochiev, Ivan"]
[Black "Sovetbekova, Nurai"]
[WhiteFideId "2917890"]
[BlackFideId "13801910"]
[WhiteElo "2565"]
[BlackElo "2312"]
[Result "1-0"]
[Round "6"]
[TimeControl "180+1"]
[Date "2023.08.22"]
[WhiteClock "0:00:07"]
[BlackClock "0:00:01"]
[Board "191"]

1. e4 c5 2. Nf3 Nc6 3. d4 cxd4 4. Nxd4 Nf6 5. Nc3 e5 6. Ndb5 d6 7. Bg5 a6 8. Na3 b5 9. Nd5 Be7 10. Bxf6 Bxf6 11. c4 b4 12. Nc2 a5 13. Be2 O-O 14. O-O g6 15. Qd3 Bg7 16. Rad1 f5 17. Ndxb4 Nxb4 18. Nxb4 Bb7 19. Nd5 fxe4 20. Qxe4 Rf4 21. Qe3 Qf8 22. Nxf4 exf4 23. Qe6+ Kh8 24. Qxd6 Qc8 25. Qd7 Qb8 26. b3 Be4 27. Rfe1 Bf5 28. Bf3 Bxd7 29. Bxa8 Bg4 30. Bf3 Bxf3 31. gxf3 h6 32. Re7 Bf6 33. Re6 Bg7 34. Rd7 Qf8 35. Rxg6 Bc3 36. Rdd6 Bg7 37. c5 Bc3 38. Rxh6+ Kg7 39. c6 Kf7 40. Rh7+ Ke8 41. Re6+ Kd8 42. Rd7+ Kc8 43. Rde7 Qg8+ 44. Kf1 Qh8 45. Re8+ 1-0


[Site "https://www.chess.com"]

[Event "Titled Tuesday Blitz August 22 Early 2023"]
[White "Blokhin, Sofia"]
[Black "Mihailidis, Anastasios"]
[WhiteFideId "4508190"]
[BlackFideId "4205588"]
[WhiteElo "2294"]
[BlackElo "2517"]
[Result "0-1"]
[Round "6"]
[TimeControl "180+1"]
[Date "2023.08.22"]
[WhiteClock "0:00:00"]
[BlackClock "0:00:51"]
[Board "194"]

1. d4 d5 2. c4 e6 3. Nc3 Nf6 4. Nf3 Be7 5. e3 O-O 6. Bd3 dxc4 7. Bxc4 c5 8. O-O Nc6 9. Ne2 b6 10. b3 Bb7 11. Bb2 Qc7 12. Bd3 Rad8 13. Qe1 Nd5 14. a3 Nf6 15. Rd1 Bd6 16. h3 Ne7 17. Ne5 Be4 18. Bxe4 Nxe4 19. f3 Nf6 20. f4 Ne4 21. Qh4 f5 22. g4 Nd5 23. Rf3 Bxe5 24. fxe5 Qe7 25. Qxe7 Nxe7 26. Ng3 Nxg3 27. Rxg3 f4 28. Rf3 fxe3 29. Rxe3 cxd4 30. Rxd4 Rxd4 31. Bxd4 Nd5 32. Rd3 Nf4 33. Re3 Rc8 34. Kh2 Rc2+ 35. Kh1 Ra2 36. a4 Rc2 37. Rf3 g5 38. a5 Rc1+ 39. Kh2 Rc2+ 40. Kh1 bxa5 41. Bxa7 h6 42. Bb6 Ra2 43. Bd8 a4 44. bxa4 Rxa4 45. h4 gxh4 46. Bxh4 Ng6 47. Bf6 Rxg4 48. Rb3 Nf4 49. Rb8+ Kf7 50. Rb7+ Kg6 51. Rg7+ Kf5 52. Rxg4 Kxg4 53. Bg7 h5 54. Kg1 h4 55. Kh2 Nd3 56. Bf6 Ne1 57. Bg7 Nf3+ 58. Kh1 h3 59. Bf6 Ne1 60. Bg7 Nd3 61. Bf6 Kg3 62. Bg5 Nf2+ 63. Kg1 h2+ 0-1


[Site "https://www.chess.com"]

[Event "Titled Tuesday Blitz August 22 Early 2023"]
[White "GAO"]
[Black "Bazilius, Augustinas"]
[BlackFideId "12832251"]
[WhiteElo "2278"]
[BlackElo "2470"]
[Result "1-0"]
[Round "6"]
[TimeControl "180+1"]
[Date "2023.08.22"]
[WhiteClock "0:00:11"]
[BlackClock "0:00:00"]
[Board "195"]

1. e4 c5 2. Nf3 a6 3. c4 e6 4. d4 cxd4 5. Nxd4 Qc7 6. Nc3 Nf6 7. Be2 Bb4 8. Qd3 Nc6 9. Nxc6 dxc6 10. Bd2 O-O 11. a3 Rd8 12. Qe3 Be7 13. O-O e5 14. h3 Be6 15. Rfd1 Rd4 16. Rac1 Bxc4 17. Bxc4 Rxc4 18. b3 Rd4 19. Be1 Bxa3 20. Rc2 Rad8 21. Ra1 Bb4 22. Ra4 b5 23. Rxa6 Bxc3 24. Bxc3 Rxe4 25. Qc5 Rd1+ 26. Kh2 Red4 27. Ra8+ Rd8 28. Bxe5 1-0


[Site "https://www.chess.com"]

[Event "Titled Tuesday Blitz August 22 Early 2023"]
[White "Mrudul Dehankar"]
[Black "laimis61"]
[WhiteFideId "25096990"]
[WhiteElo "2409"]
[BlackElo "2265"]
[Result "0-1"]
[Round "6"]
[TimeControl "180+1"]
[Date "2023.08.22"]
[WhiteClock "0:00:00"]
[BlackClock "0:00:29"]
[Board "196"]

1. e4 c5 2. Nf3 e6 3. d4 cxd4 4. Nxd4 a6 5. Bd3 Bc5 6. Nb3 Ba7 7. Qg4 Nf6 8. Qg3 d6 9. O-O Nc6 10. Nc3 Ne5 11. Qxg7 Rg8 12. Qh6 Rg6 13. Qf4 Nh5 14. Be2 Nxf4 15. Bxf4 Qf6 16. Bg3 Bd7 17. Rad1 Qe7 18. Kh1 O-O-O 19. Nd2 Bc6 20. Nf3 Nxf3 21. Bxf3 e5 22. Nd5 Bxd5 23. Rxd5 Kb8 24. c4 Bd4 25. Rd1 Qg5 26. R1xd4 exd4 27. Rxg5 Rxg5 28. Bh4 f6 29. Bxg5 fxg5 30. Be2 b5 31. Kg1 bxc4 32. Bxc4 Rc8 33. b3 Kc7 34. Kf1 Kb6 35. Ke2 Kc5 36. Kd3 Rf8 37. f3 a5 38. h3 h5 39. a4 g4 40. hxg4 hxg4 41. Ke2 gxf3+ 42. gxf3 Kb4 43. f4 Rxf4 44. Kd3 Kc5 45. Bd5 Rf3+ 46. Kd2 Re3 47. Kc2 Kb4 48. Kd2 Ka3 49. Kc2 Rc3+ 50. Kd2 Kb2 51. Be6 Re3 52. Bd5 Rxb3 53. Bxb3 Kxb3 54. Kd3 Kxa4 55. Kxd4 Kb3 56. Kd5 a4 57. Kxd6 a3 58. e5 a2 59. e6 a1=Q 60. Kd7 Qa7+ 61. Kd8 Qb8+ 62. Kd7 Qb7+ 63. Kd8 Qd5+ 64. Ke7 Kc4 65. Kf6 Qd6 66. Kf7 Qf4+ 67. Kg8 Qf6 0-1


[Site "https://www.chess.com"]

[Event "Titled Tuesday Blitz August 22 Early 2023"]
[White "Simonovic, Miroslav"]
[Black "Tomaszewski, Kacper"]
[WhiteFideId "919152"]
[BlackFideId "1127373"]
[WhiteElo "2264"]
[BlackElo "2408"]
[Result "0-1"]
[Round "6"]
[TimeControl "180+1"]
[Date "2023.08.22"]
[WhiteClock "0:01:02"]
[BlackClock "0:01:32"]
[Board "197"]

1. d4 d6 2. Bg5 Nd7 3. h4 h6 4. Bf4 e5 5. dxe5 dxe5 6. Bg3 Ngf6 7. a3 Bd6 8. Nc3 O-O 9. e4 Nc5 10. f3 Nh5 11. Bf2 f5 12. Bc4+ Kh8 13. exf5 Nf4 14. g3 Nh5 15. Nge2 Bxf5 16. g4 Bxg4 17. fxg4 Qf6 18. O-O Nf4 19. Nxf4 Qxf4 20. Qe2 e4 21. Be3 Qg3+ 22. Kh1 Qxh4+ 23. Kg1 Qg3+ 24. Kh1 Qh3+ 25. Kg1 Rf3 26. Rxf3 exf3 27. Qf2 Qxg4+ 28. Kf1 Qxc4+ 29. Ke1 Re8 30. Kd2 Rxe3 31. Kxe3 Qf4# 0-1


[Site "https://www.chess.com"]

[Event "Titled Tuesday Blitz August 22 Early 2023"]
[White "Hoffmann, Asa"]
[Black "Ronka, Erik"]
[WhiteFideId "2001470"]
[BlackFideId "505080"]
[WhiteElo "2263"]
[BlackElo "2406"]
[Result "1-0"]
[Round "6"]
[TimeControl "180+1"]
[Date "2023.08.22"]
[WhiteClock "0:01:00"]
[BlackClock "0:00:33"]
[Board "198"]

1. d4 d5 2. Bg5 f6 3. Bf4 Nc6 4. Nf3 g5 5. Bg3 h5 6. h3 Nh6 7. e3 Nf5 8. Bh2 g4 9. Nfd2 g3 10. Bxg3 Nxg3 11. fxg3 e5 12. Be2 Qe7 13. Bxh5+ Kd8 14. Nc3 Be6 15. Nb3 Qg7 16. O-O Qxg3 17. Qf3 Qxf3 18. Bxf3 e4 19. Be2 Ke7 20. Nc5 Bc8 21. Nxd5+ Kd6 22. Rxf6+ 1-0


[Site "https://www.chess.com"]

[Event "Titled Tuesday Blitz August 22 Early 2023"]
[White "Rozhkov, Viacheslav"]
[Black "Zaichenko, Daria"]
[WhiteFideId "4181484"]
[BlackFideId "4197453"]
[WhiteElo "2396"]
[BlackElo "2253"]
[Result "1/2-1/2"]
[Round "6"]
[TimeControl "180+1"]
[Date "2023.08.22"]
[WhiteClock "0:00:03"]
[BlackClock "0:00:02"]
[Board "199"]

1. e4 c5 2. Nf3 Nc6 3. d4 cxd4 4. Nxd4 Nf6 5. Nc3 d6 6. f3 e5 7. Nb3 Be6 8. Be3 Be7 9. Qd2 d5 10. exd5 Nxd5 11. Nxd5 Qxd5 12. Qxd5 Bxd5 13. O-O-O Bxb3 14. axb3 Rd8 15. Bb5 a6 16. Be2 Nd4 17. Bxd4 exd4 18. Rhe1 Bb4 19. c3 Ba5 20. b4 Bb6 21. Bxa6+ Kf8 22. Bxb7 g6 23. c4 Kg7 24. c5 Bc7 25. b5 Bxh2 26. Re7 Bf4+ 27. Kc2 Be3 28. Kd3 Kf6 29. Rc7 Rhe8 30. Ra1 Bf4 31. Rc6+ Kg5 32. b6 Re3+ 33. Kc4 d3 34. Rc8 Rxc8 35. Bxc8 d2 36. g3 Re1 37. gxf4+ Kh4 38. b7 Rxa1 39. b8=Q d1=Q 40. Qe5 Qa4+ 41. Kd3 Rd1+ 42. Kc3 Rc1+ 43. Kd3 Qd1+ 44. Ke4 f5+ 45. Ke3 Qg1+ 46. Kd3 Qd1+ 47. Ke3 Qe1+ 48. Kd3 Qd1+ 49. Ke3 1/2-1/2


[Site "https://www.chess.com"]

[Event "Titled Tuesday Blitz August 22 Early 2023"]
[White "Carrasco Miranda, Andres"]
[Black "Rodriguez Santiago, Jaime"]
[WhiteFideId "3405990"]
[BlackFideId "3100898"]
[WhiteElo "2390"]
[BlackElo "2253"]
[Result "1-0"]
[Round "6"]
[TimeControl "180+1"]
[Date "2023.08.22"]
[WhiteClock "0:00:44"]
[BlackClock "0:00:03"]
[Board "200"]

1. d4 Nf6 2. c4 e6 3. g3 d5 4. Bg2 dxc4 5. Nf3 c5 6. O-O Nc6 7. dxc5 Qxd1 8. Rxd1 Bxc5 9. Nbd2 c3 10. bxc3 O-O 11. Nb3 Be7 12. c4 Bd7 13. Bb2 Rfc8 14. Bxf6 Bxf6 15. Rxd7 Bxa1 16. Nxa1 Rd8 17. Rxb7 Rd1+ 18. Bf1 Rxa1 19. Rc7 Nb4 20. Ne5 f6 21. Nd7 Nxa2 22. Nc5 e5 23. Ne6 g6 24. c5 Nc3 25. c6 Nxe2+ 26. Kg2 Nd4 27. Nc5 Rc1 28. Nd7 Rxc6 29. Bc4+ Kg7 30. Rb7 Kh6 31. Bd5 Rd6 32. Be4 f5 33. Nxe5 fxe4 34. Nf7+ Kg7 35. Nxd6+ Kf6 36. Nxe4+ Ke5 37. Nc3 a5 38. f4+ Kd6 39. Rxh7 a4 40. Nxa4 Rxa4 41. Rh6 Ra2+ 42. Kh3 Nf3 43. Rxg6+ Ke7 44. Kg4 Nxh2+ 45. Kh3 Nf3 46. Rb6 Rh2+ 47. Kg4 Nd4 48. f5 Kf7 49. Kg5 Nf3+ 50. Kf4 Rf2 51. g4 Nh4+ 52. Kg3 Nxf5+ 53. Kxf2 Ne7 54. Kg3 Nd5 55. Ra6 1-0


[Site "https://www.chess.com"]

[Event "Titled Tuesday Blitz August 22 Early 2023"]
[White "KorolDimitriy75"]
[Black "Sailer, Mike"]
[BlackFideId "2012901"]
[WhiteElo "2385"]
[BlackElo "2216"]
[Result "0-1"]
[Round "6"]
[TimeControl "180+1"]
[Date "2023.08.22"]
[WhiteClock "0:00:00"]
[BlackClock "0:00:22"]
[Board "201"]

1. d4 d5 2. c4 Bf5 3. Nc3 e6 4. e3 Nc6 5. a3 Nf6 6. Nf3 Be7 7. Bd3 Ne4 8. O-O O-O 9. Qc2 Nxc3 10. bxc3 Bxd3 11. Qxd3 dxc4 12. Qxc4 Na5 13. Qa4 c5 14. e4 Rc8 15. Rb1 b6 16. Be3 cxd4 17. cxd4 Rc4 18. Qb5 Qc7 19. a4 Rc8 20. Ne5 Rc2 21. h3 Bd6 22. Rfd1 Bxe5 23. dxe5 h6 24. Rd7 Qc4 25. Rxa7 Qxe4 26. Rd1 Nc4 27. Qd7 Rf8 28. Rd4 Qxe5 0-1


[Site "https://www.chess.com"]

[Event "Titled Tuesday Blitz August 22 Early 2023"]
[White "Legenia, Artem"]
[Black "Andrade Truyol, Geiner Jose"]
[WhiteFideId "14136945"]
[BlackFideId "4431987"]
[WhiteElo "2380"]
[BlackElo "2215"]
[Result "1/2-1/2"]
[Round "6"]
[TimeControl "180+1"]
[Date "2023.08.22"]
[WhiteClock "0:00:10"]
[BlackClock "0:00:20"]
[Board "202"]

1. b4 e5 2. a3 a5 3. b5 c6 4. c4 cxb5 5. cxb5 d5 6. e3 f6 7. a4 Be6 8. Nf3 Bb4 9. Bb2 Ne7 10. Be2 O-O 11. O-O Nd7 12. d4 e4 13. Nfd2 Rc8 14. Qb3 Nb6 15. Nxe4 Bf7 16. Ned2 Nf5 17. Nc3 Nd6 18. Rac1 Ndc4 19. Nxc4 dxc4 20. Qc2 Bxc3 21. Bxc3 Nd5 22. e4 Nb4 23. Qd2 Nd3 24. Rb1 b6 25. Rfd1 Re8 26. f3 f5 27. Bxd3 cxd3 28. Qxd3 fxe4 29. fxe4 Bg6 30. Re1 Qc7 31. Rbc1 Qc4 32. Qf3 Qxa4 33. e5 Qxb5 34. d5 Rf8 35. Qd1 Qc5+ 36. Kh1 Qf2 37. e6 Be4 38. Rg1 Rf5 39. Qd4 Qxd4 40. Bxd4 Rxc1 41. Rxc1 Bxd5 42. Re1 Kf8 43. Bxb6 Ke7 44. Bc5+ Ke8 45. Bd6 Rf6 46. Ba3 Rg6 47. Re2 Bxe6 48. Kg1 Kd7 49. Kf2 Bd5 50. g3 Kc6 51. Ke3 Rf6 52. Bb2 Re6+ 53. Kd2 Rg6 54. Kc3 Rg4 55. Rd2 Rc4+ 56. Kd3 a4 57. Rc2 Rxc2 58. Kxc2 Kb5 59. Bxg7 h5 60. Ba1 Be6 61. Kd3 Bf5+ 62. Ke3 Kc4 63. Kf4 Bg4 64. Kg5 Kb3 65. h3 Bd1 66. g4 hxg4 67. hxg4 a3 68. Be5 Kc2 69. Kf5 Kb1 70. g5 Bc2+ 71. Kf6 a2 72. g6 a1=R 73. Bxa1 Kxa1 74. g7 Bb3 75. Ke7 Bg8 76. Kf8 Bh7 77. g8=Q Bxg8 1/2-1/2


[Site "https://www.chess.com"]